[Event "*** Titled Tuesday Blitz"]
[Site "Chess.com"]
[Date "2021.02.09"]
[Round "4"]
[White "Mikasinski"]
[Black "Willychess95"]
[Result "1-0"]
[WhiteElo "2485"]
[BlackElo "2613"]
[TimeControl "180+1"]
[EndTime "10:36:56 PST"]
[Termination "Mikasinski won by resignation"]

1. e4 c5 2. Nf3 d6 3. d4 cxd4 4. Nxd4 Nf6 5. Nc3 g6 6. Be3 a6 7. f3 b5 8. Qd2 Bb7 9. a3 Bg7 10. h4 h5 11. Be2 Nbd7 12. Bg5 Rc8 13. Rd1 Qc7 14. O-O O-O 15. Kh1 Ne5 16. Bh6 Rfd8 17. Bxg7 Kxg7 18. Qg5 e6 19. f4 Neg4 20. f5 e5 21. Bxg4 Nxg4 22. fxg6 1-0

[Event "*** Titled Tuesday Blitz"]
[Site "Chess.com"]
[Date "2021.02.09"]
[Round "4"]
[White "jorquerino"]
[Black "ketster"]
[Result "1-0"]
[WhiteElo "2285"]
[BlackElo "2440"]
[TimeControl "180+1"]
[EndTime "10:36:58 PST"]
[Termination "jorquerino won by resignation"]

1. e4 e5 2. Nc3 Nf6 3. g3 d5 4. exd5 Nxd5 5. Bg2 Nxc3 6. bxc3 Bc5 7. Nf3 Nc6 8. O-O O-O 9. Rb1 Rb8 10. d3 Bg4 11. h3 Bh5 12. g4 Bg6 13. Ng5 Be7 14. Ne4 f5 15. Ng3 fxg4 16. hxg4 Bg5 17. Be4 Bf4 18.
Bxg6 hxg6 19. Kg2 Qd5+ 20. Ne4 Qxa2 21. Be3 Qd5 22. Qf3 Bxe3 23. Nf6+ 1-0

[Event "*** Titled Tuesday Blitz"]
[Site "Chess.com"]
[Date "2021.02.09"]
[Round "4"]
[White "GM_LOADING"]
[Black "ElCoachRene"]
[Result "1-0"]
[WhiteElo "2460"]
[BlackElo "2186"]
[TimeControl "180+1"]
[EndTime "10:36:59 PST"]
[Termination "GM_LOADING won by resignation"]

1. d4 Nc6 2. d5 Ne5 3. e4 e6 4. dxe6 dxe6 5. Qxd8+ Kxd8 6. Nc3 Bb4 7. Bd2 Nf6 8. O-O-O Ke7 9. f3 Rd8 10. a3 Ba5 11.
Nh3 h6 12. Nf2 Bd7 13. Be2 Bb6 14. Rhf1 a6 15. f4 Neg4 16. Nxg4 Nxg4 17. Bxg4 Bc6 18. Bf3 Rd7 19. e5 Bxf3 20. Rxf3 Rad8 21. Be3 Rxd1+ 22. Nxd1 c5 23. Nc3 Ba7 24. Ne4 b6 25.
Bf2 Bb8 26. Rd3 Rc8 27. h4 c4 28. Rd1 Bc7 29. h5 b5 30. Bc5+ Ke8 31. Nd6+ Bxd6 32. Bxd6 f6 33. Rf1 Kf7 34. g4 g6 35. hxg6+ Kxg6 36. f5+ exf5 37. gxf5+ Kf7 38. e6+ 1-0

[Event "*** Titled Tuesday Blitz"]
[Site "Chess.com"]
[Date "2021.02.09"]
[Round "4"]
[White "LEGENYA1998"]
[Black "WPWPWP-2015"]
[Result "0-1"]
[WhiteElo "2241"]
[BlackElo "2492"]
[TimeControl "180+1"]
[EndTime "10:37:00 PST"]
[Termination "WPWPWP-2015 won by resignation"]

1. e4 c5 2. d3 e6 3. Nf3 Nc6 4.
g3 Nf6 5. Bg2 Be7 6. O-O O-O 7. b3 d6 8. Bb2 e5 9. h3 b5 10. a4 bxa4 11. Rxa4 Bd7 12. Ra1 Nd4 13. Nxd4 cxd4 14. f4 Qc8 15. Kh2 Qc7 16. Nd2 Rfc8 17.
Nc4 Bb5 18. fxe5 dxe5 19. Ba3 Bxc4 20. bxc4 a5 21. Bxe7 Qxe7 22. Ra4 h5 23. Qa1 Qc7 24. Qa3 Ra6 25. Ra1 Rca8 26. Bf3 g6 27. Rb1 Kg7 28. Qb3 Nd7 29. Qb5 Nc5 30. Ra3 a4 31. Kg2 Qe7 32. Qb4 R8a7 33. Ra2 Rb7 34. Qxc5 Qxc5 35. Rxb7 a3 0-1

[Event "*** Titled Tuesday Blitz"]
[Site "Chess.com"]
[Date "2021.02.09"]
[Round "4"]
[White "MaevskiyNikolay"]
[Black "Chandradi"]
[Result "1/2-1/2"]
[WhiteElo "2531"]
[BlackElo "2328"]
[TimeControl "180+1"]
[EndTime "10:37:10 PST"]
[Termination "Game drawn by agreement"]

1. d4 Nf6 2. c4 e6 3. Nf3 b6 4.
Nc3 Bb7 5. Bg5 Be7 6. e3 Ne4 7. Bxe7 Qxe7 8. Bd3 Nxc3 9. bxc3 d6 10. O-O Nd7 11.
Nd2 e5 12. a4 a5 13. Rb1 h6 14. Re1 e4 15. Be2 O-O 16. Nf1 Kh8 17. Ng3 f5 18. f4 exf3 19. Bxf3 Be4 20. Bxe4 fxe4 21. Qh5 Rae8 22.
Rf1 Nf6 23. Qg6 Qf7 24. Qxf7 Rxf7 25. h3 g6 26. Rb5 Kg7 27. Ne2 1/2-1/2

[Event "*** Titled Tuesday Blitz"]
[Site "Chess.com"]
[Date "2021.02.09"]
[Round "4"]
[White "Legendinunknown"]
[Black "JQuiroga18"]
[Result "1-0"]
[WhiteElo "2610"]
[BlackElo "2419"]
[TimeControl "180+1"]
[EndTime "10:37:12 PST"]
[Termination "Legendinunknown won by checkmate"]

1. d4 Nf6 2. c4 e6 3. Nc3 d5 4. Nf3 dxc4 5. e4 b5 6. e5 Nd5 7. Nxb5 Nb6 8. Be2 Nc6 9. O-O Be7 10. Be3 Rb8 11. Rc1 O-O 12. Na3 Bxa3 13. bxa3 Ba6 14. Ng5 Qe7 15. Qc2 g6 16. Ne4 Rfd8 17. Bg5 Qxa3 18.
Bxd8 Rxd8 19. Nf6+ Kg7 20. Qe4 Nxd4 21. Rcd1 Nxe2+ 22. Qxe2 c3 23. Qe3 Rxd1 24. Rxd1 c2 25. Nh5+ Kf8 26.
Rd8+ Ke7 27. Qg5+ f6 28. Qxf6# 1-0

[Event "*** Titled Tuesday Blitz"]
[Site "Chess.com"]
[Date "2021.02.09"]
[Round "4"]
[White "GadimbayliA"]
[Black "OriTaichman"]
[Result "1-0"]
[WhiteElo "2858"]
[BlackElo "2533"]
[TimeControl "180+1"]
[EndTime "10:37:16 PST"]
[Termination "GadimbayliA won by resignation"]

1. e4 c5 2. Nf3 Nc6 3. Bb5 d6 4. O-O Bd7 5. Nc3 g6 6. d4 cxd4 7. Nxd4 Bg7 8. Be3 Nf6 9. Re1 Rc8 10. Nxc6 bxc6 11. Ba6 Rb8 12. Rb1 Qa5 13. Bd3 Ng4 14. Bd2 Qe5 15. g3 Qh5 16. h4 Bd4 17. Rf1 Qe5 18. Ne2 Bxb2 19. Bc3 Bxc3 20. Rxb8+ Bc8 21. Rxc8+ Kd7 22. Rxh8 h5 23. Nxc3 Qxc3 24. Rb8 Kc7 25. Qb1 d5 26. Qb7+ Kd6 27. Rd8+ Ke6 28. exd5+ Kf6 29. Qxc6+ 1-0

[Event "*** Titled Tuesday Blitz"]
[Site "Chess.com"]
[Date "2021.02.09"]
[Round "4"]
[White "FMJoseHerrera"]
[Black "Happy1712Drummer"]
[Result "0-1"]
[WhiteElo "2578"]
[BlackElo "2390"]
[TimeControl "180+1"]
[EndTime "10:37:17 PST"]
[Termination "Happy1712Drummer won on time"]

1. Nf3 Nf6 2. g3 g6 3. Bg2 Bg7 4. d3 O-O 5. Nc3 c5 6. h4 h6 7. Bf4 d6 8. Qd2 Kh7 9. h5 Nxh5 10. Be3 Nc6 11. O-O-O e5 12. Rh4 f5 13. Rdh1 Nd4 14.
Rxh5 gxh5 15. Rxh5 Nxf3 16. Bxf3 Qf6 17. Nd5 Qe6 18.
Kb1 Rf7 19. g4 f4 20. Be4+ Kg8 21. Bxf4 exf4 22. Nxf4 Qf6 0-1

[Event "*** Titled Tuesday Blitz"]
[Site "Chess.com"]
[Date "2021.02.09"]
[Round "4"]
[White "guillembaches"]
[Black "MerryPoppies"]
[Result "1-0"]
[WhiteElo "2423"]
[BlackElo "2178"]
[TimeControl "180+1"]
[EndTime "10:37:19 PST"]
[Termination "guillembaches won by resignation"]

1. e4 e5 2. Nf3 Nc6 3. Nc3 Nf6 4. d4 Bb4 5. Nxe5 Nxe4 6. Qg4 Nxc3 7. Qxg7 Ne4+ 8. c3 Qf6 9. Qxf6 Nxf6 10. Nxc6 dxc6 11. cxb4 Bf5 12. Bf4 O-O-O 13. Be5 Rhe8 14. O-O-O Ng4 15. Bg3 Nf6 16. Bc4 Bg6 17. Bh4 Rd6 18. Rhe1 Rxe1 19.
Rxe1 Nd5 20. a3 Nf4 21. Re8+ 1-0

[Event "*** Titled Tuesday Blitz"]
[Site "Chess.com"]
[Date "2021.02.09"]
[Round "4"]
[White "nochewycandy"]
[Black "Brave_spirit12"]
[Result "0-1"]
[WhiteElo "2656"]
[BlackElo "2495"]
[TimeControl "180+1"]
[EndTime "10:37:23 PST"]
[Termination "Brave_spirit12 won by resignation"]

1. e4 e6 2. d4 d5 3. Nc3 Nf6 4.
e5 Nfd7 5. f4 c5 6. Nf3 Nc6 7.
Be3 Qb6 8. Na4 Qa5+ 9. c3 cxd4 10. Nxd4 Nxd4 11. Bxd4 b5 12. b4 Qxa4 13. Qc1 a5 14. a3 axb4 15. cxb4 Bb7 16. Qc7 Qa6 17. a4 Rc8 18. Qa5 Qxa5 19. bxa5 Bb4+ 20. Ke2 bxa4 21. Rxa4 Bc5 22. a6 Bxa6+ 23. Rxa6 Bxd4 24. Kf3 O-O 25. Bb5 Nc5 26. Ra2 Rb8 27. Be2 Rb3+ 28. Kg4 Ne4 29. Rc1 f5+ 30. exf6 Nxf6+ 31. Kh4 Ne4 0-1

[Event "*** Titled Tuesday Blitz"]
[Site "Chess.com"]
[Date "2021.02.09"]
[Round "4"]
[White "AsaHoffmann"]
[Black "Kapibara_Warri0r"]
[Result "0-1"]
[WhiteElo "2388"]
[BlackElo "2194"]
[TimeControl "180+1"]
[EndTime "10:37:23 PST"]
[Termination "Kapibara_Warri0r won by checkmate"]

1. d4 Nf6 2. Bg5 Ne4 3. Bf4 c5 4. f3 Nf6 5. dxc5 Qa5+ 6. Nc3 Qxc5 7. e4 e6 8. Qd2 d5 9. exd5 Nxd5 10. Nxd5 exd5 11.
O-O-O Be6 12. Ne2 Bd6 13. Nd4 Nc6 14. Bb5 O-O 15. Bxd6 Qxd6 16. Bxc6 bxc6 17. Rhe1 c5 18. Ne2 d4 19. b3 a5 20. Qf4 Qb6 21. c4 dxc3 22.
Nxc3 Bxb3 23. axb3 Qxb3 24. Qd2 Rab8 25. Qb2 Qxb2# 0-1

[Event "*** Titled Tuesday Blitz"]
[Site "Chess.com"]
[Date "2021.02.09"]
[Round "4"]
[White "SaraciNderim"]
[Black "BabyBoss31"]
[Result "1-0"]
[WhiteElo "2792"]
[BlackElo "2351"]
[TimeControl "180+1"]
[EndTime "10:37:24 PST"]
[Termination "SaraciNderim won by resignation"]

1. e4 c6 2. d4 d5 3. exd5 cxd5 4.
Bd3 Nf6 5. c3 Bg4 6. Qb3 Qd7 7.
Bf4 Nc6 8. Nd2 e6 9. h3 Bh5 10. Ngf3 Bg6 11. Bb5 Bd6 12. Ne5 Bxe5 13. Bxe5 a6 14.
Bxf6 gxf6 15. Qa3 Qe7 16. Qa4 Qd7 17. Nb3 O-O 18. Nc5 Qc7 19. Bxc6 Qxc6 20. Qxc6 bxc6 21. Kd2 Rfb8 22. b3 Kg7 23. g4 a5 24. Rhf1 f5 25. g5 Bh5 26. f4 h6 27. gxh6+ Kxh6 28. Rg1 Rg8 29. Ke3 Bg6 30. Rg5 Rh8 31. h4 Bh7 32.
Rag1 Rag8 33. Rxg8 Rxg8 34. Rxg8 Bxg8 35. Nb7 Kh5 36.
Nxa5 Kxh4 37. Nxc6 1-0

[Event "*** Titled Tuesday Blitz"]
[Site "Chess.com"]
[Date "2021.02.09"]
[Round "4"]
[White "superchess02"]
[Black "Meri-Arabidze"]
[Result "1-0"]
[WhiteElo "2792"]
[BlackElo "2604"]
[TimeControl "180+1"]
[EndTime "10:37:29 PST"]
[Termination "superchess02 won by resignation"]

1. e4 c5 2. g3 b6 3. Bg2 Bb7 4. Ne2 g6 5. O-O Bg7 6. Nbc3 e6 7. d4 cxd4 8. Nb5 d6 9. Nexd4 Qd7 10. Nxe6 fxe6 11. Nxd6+ Ke7 12. Nxb7 Qxd1 13. Rxd1 Nc6 14. Nd6 Nd4 15. e5 Bxe5 16. Bxa8 Nxc2 17. Bg5+ Nf6 18. Rac1 Nd4 19. Rc8 1-0

[Event "*** Titled Tuesday Blitz"]
[Site "Chess.com"]
[Date "2021.02.09"]
[Round "4"]
[White "MIJuanReyesRosa"]
[Black "alexg2003"]
[Result "0-1"]
[WhiteElo "2110"]
[BlackElo "2389"]
[TimeControl "180+1"]
[EndTime "10:37:29 PST"]
[Termination "alexg2003 won on time"]

1. d4 c5 2. Nf3 cxd4 3. Nxd4 e5 4. Nb3 d5 5. g3 Nf6 6. Bg2 h5 7. h4 Be6 8. Bg5 e4 9. c4 Nbd7 10. O-O dxc4 11. Nd4 Qb6 12. Nc3 Bc5 13. Na4 Qd6 14. Nxe6 Qxe6 15. Qc2 e3 16. Kh2 exf2 17. Bxb7 O-O 18.
Bxa8 Ng4+ 19. Kg2 Rxa8 20. Nxc5 Nxc5 0-1

[Event "*** Titled Tuesday Blitz"]
[Site "Chess.com"]
[Date "2021.02.09"]
[Round "4"]
[White "MikeSailer"]
[Black "EvilMorty23"]
[Result "0-1"]
[WhiteElo "2183"]
[BlackElo "2457"]
[TimeControl "180+1"]
[EndTime "10:37:29 PST"]
[Termination "EvilMorty23 won by resignation"]

1. d4 Nf6 2. Nf3 e6 3. Bg5 d5 4. e3 Be7 5. Be2 b6 6. O-O Bb7 7. c4 dxc4 8. Bxc4 Nbd7 9. Nc3 O-O 10. a3 c5 11. Rc1 Rc8 12. Ba2 cxd4 13. Nxd4 Nc5 14.
Qe2 Qe8 15. Rfd1 h6 16. Bh4 Nfe4 17. Bxe7 Qxe7 18. Nxe4 Nxe4 19. Nb5 a6 20. Nd4 Rfd8 21. Bc4 b5 22. Bd3 Nc5 23. Bb1 Qg5 24. Nf3 Qh5 25.
Rxd8+ Rxd8 26. Qc2 Nd3 27. Rd1 Be4 28. Qc7 Rd5 29.
Bxd3 Bxd3 30. Qc8+ Kh7 31. Qxa6 Be4 32. Rxd5 Qxd5 33.
Ne1 Qd2 34. Qa5 Qxa5 0-1

[Event "*** Titled Tuesday Blitz"]
[Site "Chess.com"]
[Date "2021.02.09"]
[Round "4"]
[White "Akhayan"]
[Black "HouseOfDurin"]
[Result "1-0"]
[WhiteElo "2289"]
[BlackElo "2088"]
[TimeControl "180+1"]
[EndTime "10:37:30 PST"]
[Termination "Akhayan won by resignation"]

1. d4 Nf6 2. Nf3 c5 3. c3 cxd4 4. cxd4 g6 5. Bg5 Bg7 6. e3 O-O 7. Be2 d5 8. O-O h6 9. Bh4 Ne4 10. Nbd2 g5 11. Bg3 Nxg3 12. hxg3 Nc6 13. Rc1 e5 14.
Rxc6 bxc6 15. Nxe5 Bxe5 16. dxe5 Bf5 17. Nb3 Qb6 18. Nd4 Be4 19. b4 a5 20. a3 axb4 21.
axb4 Ra2 22. Bd3 Qxb4 23. Bxe4 dxe4 24. Qh5 Kh7 25. Nf5 Qd6 26. exd6 1-0

[Event "*** Titled Tuesday Blitz"]
[Site "Chess.com"]
[Date "2021.02.09"]
[Round "4"]
[White "northridgehawk"]
[Black "YIYUKI"]
[Result "1-0"]
[WhiteElo "2345"]
[BlackElo "2157"]
[TimeControl "180+1"]
[EndTime "10:37:34 PST"]
[Termination "northridgehawk won by resignation"]

1. e4 c5 2. Nf3 e6 3. g3 a6 4. Bg2 b5 5. O-O Bb7 6. d3 Nc6 7. Nbd2 Nf6 8. c3 d5 9. e5 Nd7 10. Re1 Be7 11. h4 h6 12. h5 Qc7 13.
d4 b4 14. Nf1 a5 15. Bf4 a4 16. a3 bxa3 17. bxa3 Nb6 18. Ne3 Na5 19. dxc5 Bxc5 20. Nd4 Nac4 21. Qg4 Nxe3 22. Rxe3 O-O-O 23. Rb1 Nc4 24. Nb5 Qd7 25. Rd3 Nxa3 26. Nxa3 Bxa3 27. c4 Bc5 28. cxd5 exd5 29. Qxg7 Rdg8 30. Qf6 Be7 31. Qb6 1-0

[Event "*** Titled Tuesday Blitz"]
[Site "Chess.com"]
[Date "2021.02.09"]
[Round "4"]
[White "Balla_Tamas"]
[Black "jkidjr22"]
[Result "1-0"]
[WhiteElo "2493"]
[BlackElo "2641"]
[TimeControl "180+1"]
[EndTime "10:37:36 PST"]
[Termination "Balla_Tamas won by resignation"]

1. e4 c5 2. Nf3 d6 3. d4 cxd4 4. Nxd4 Nf6 5. Nc3 a6 6. a4 e5 7. Nf3 Be6 8. g3 Be7 9. Bg2 O-O 10. O-O Nbd7 11. b3 Nc5 12. Re1 Rc8 13. Bb2 Qd7 14. Qd2 h6 15. b4 Ncxe4 16. Nxe4 Nxe4 17. Rxe4 Bf5 18. Re2 Rxc2 19. Qd1 Rfc8 20. Ne1 Rxe2 21.
Qxe2 Be6 22. Qd2 b5 23. axb5 axb5 24. Bd5 Bh3 25. Ra8 Bg5 26. Qd3 Rxa8 27. Bxa8 f5 28.
Bd5+ Kh8 29. Bg2 Bg4 30. h3 Bh5 31. Bxe5 Qe8 32. Qxd6 Be7 33. Qxh6+ 1-0

[Event "*** Titled Tuesday Blitz"]
[Site "Chess.com"]
[Date "2021.02.09"]
[Round "4"]
[White "alejogarcia1999"]
[Black "Kaliopa"]
[Result "1-0"]
[WhiteElo "2438"]
[BlackElo "2179"]
[TimeControl "180+1"]
[EndTime "10:37:37 PST"]
[Termination "alejogarcia1999 won by resignation"]

1. Nf3 Nf6 2. g3 g6 3. Bg2 Bg7 4. O-O O-O 5. c4 d6 6. Nc3 e5 7.
Rb1 a5 8. a3 Re8 9. b4 axb4 10.
axb4 e4 11. Nd4 Ng4 12. Nc2 f5 13. Bb2 Ne5 14. d3 exd3 15. exd3 f4 16. Re1 Bg4 17. f3 Bf5 18. Ne4 Nbd7 19. Nd4 Bxe4 20. Rxe4 fxg3 21. hxg3 Nf6 22. Re2 Qd7 23. Qd2 Nf7 24.
Rbe1 Bh6 25. f4 c6 26. Nxc6 bxc6 27. Bxf6 Bg7 28. Bxg7 Kxg7 29. Qb2+ Kg8 30. Qf6 Rxe2 31. Rxe2 Re8 32. Bh3 Qd8 33. Qxd8 Rxd8 34. Re7 Kf8 35. Rd7 Rb8 36. Be6 Nh6 37. Rxh7 1-0

[Event "*** Titled Tuesday Blitz"]
[Site "Chess.com"]
[Date "2021.02.09"]
[Round "4"]
[White "starplatinum2030"]
[Black "MergenKakabaev"]
[Result "0-1"]
[WhiteElo "2128"]
[BlackElo "2398"]
[TimeControl "180+1"]
[EndTime "10:37:38 PST"]
[Termination "MergenKakabaev won by resignation"]

1. e4 e5 2. Nf3 Nc6 3. Nc3 Nf6 4. d4 exd4 5. Nxd4 Bb4 6. Nxc6 bxc6 7. Bd3 d5 8. exd5 cxd5 9. O-O O-O 10. Bg5 c6 11.
Qf3 h6 12. Bxf6 Qxf6 13. Qxf6 gxf6 14. Na4 Rb8 15. Rfe1 Bxe1 16. Rxe1 Be6 17. b3 Rfe8 18.
f3 Bd7 19. Rd1 Re7 20. Kf2 Rbe8 21. Nc5 Bc8 22. c4 Kg7 23. cxd5 cxd5 24. Bb5 Rd8 25. Rd4 a5 26. Nd3 Rc7 27. Nf4 Rc2+ 28. Kg3 Rxa2 29. Bd3 Be6 30. Nh5+ Kf8 31. Nxf6 Ke7 32. Ng4 Rg8 33. Kf4 Rxg2 34. Nxh6 Rb8 35. Nf5+ Bxf5 36. Bxf5 Rb4 37. Rxb4 axb4 38. h4 Rb2 39. h5 Kf6 40.
h6 Rxb3 41. h7 Kg7 42. Bc2 Rc3 43. Bb1 b3 44. Ke5 Rxf3 45. Kxd5 b2 46. Kc4 Rf1 47. Kb3 Rxb1 0-1

[Event "*** Titled Tuesday Blitz"]
[Site "Chess.com"]
[Date "2021.02.09"]
[Round "4"]
[White "SanQui14"]
[Black "ohajek96"]
[Result "1-0"]
[WhiteElo "2444"]
[BlackElo "2249"]
[TimeControl "180+1"]
[EndTime "10:37:42 PST"]
[Termination "SanQui14 won by checkmate"]

1. d4 c5 2. d5 e6 3. Nc3 exd5 4. Nxd5 d6 5. Nf3 Nf6 6. Bg5 Be7 7. Nxe7 Qxe7 8. e3 Nc6 9. Bc4 Be6 10. Bxe6 fxe6 11.
O-O O-O 12. Re1 d5 13. e4 dxe4 14. Rxe4 h6 15. Bxf6 Qxf6 16. c3 Rad8 17. Qe2 Rd6 18. Re1 Rfd8 19. h3 Kf7 20. Qe3 g5 21. Qxc5 Rd1 22.
Kh2 R8d5 23. Qe3 R5d3 24. Qe2 Rxe1 25. Qxd3 Rxe4 26. Qxe4 Qf5 27. Qc4 Qb1 28. Qb5 Nd8 29. Qd7+ Kf6 30. Qxd8+ Kf5 31. g4+ Ke4 32. Qd4+ Kxf3 33.
Qe3# 1-0

[Event "*** Titled Tuesday Blitz"]
[Site "Chess.com"]
[Date "2021.02.09"]
[Round "4"]
[White "MattyDPerrine"]
[Black "Rodalquilar"]
[Result "0-1"]
[WhiteElo "2481"]
[BlackElo "2678"]
[TimeControl "180+1"]
[EndTime "10:37:44 PST"]
[Termination "Rodalquilar won on time"]

1. e4 d5 2. exd5 Qxd5 3. Nc3 Qa5 4. d4 Nf6 5. Nf3 Bf5 6. Bc4 e6 7. Bd2 Bb4 8. O-O Nc6 9. a3 Bxc3 10. Bxc3 Qb6 11.
Ne5 Nxe5 12. dxe5 Rd8 13. Qe2 Ne4 14. Bb4 a5 15. Bc3 Nxc3 16. bxc3 O-O 17. Rab1 Qc6 18.
Rfe1 b6 19. g4 Bg6 20. h4 Qc5 21. Rb5 Qc6 22. Rb2 h6 23. Rc1 Qc5 24. Rb3 a4 25.
Rb4 c6 26. Bd3 b5 27. Bxg6 fxg6 28. c4 Rf4 29. cxb5 Rxb4 30. axb4 Qxb5 31. Qe4 a3 32. Qxg6 Qc4 33. Ra1 a2 0-1

[Event "*** Titled Tuesday Blitz"]
[Site "Chess.com"]
[Date "2021.02.09"]
[Round "4"]
[White "amatatanav"]
[Black "tan275"]
[Result "1-0"]
[WhiteElo "2430"]
[BlackElo "2233"]
[TimeControl "180+1"]
[EndTime "10:37:45 PST"]
[Termination "amatatanav won by resignation"]

1. e4 c5 2. Ne2 Nc6 3. Nbc3 g6 4. d4 cxd4 5. Nxd4 Bg7 6. Be3 Nf6 7. Nxc6 bxc6 8. e5 Ng8 9. Bd4 Qc7 10. Bc4 Bxe5 11. O-O Bxd4 12. Qxd4 Nf6 13. Rfe1 O-O 14. Rxe7 Nh5 15.
Rae1 c5 16. Bxf7+ Rxf7 17. Re8+ Rf8 18. Qd5+ Kg7 19. R1e7+ Kh6 20. Rxf8 Bb7 21. Qd2+ g5 22. Rxa8 Qc6 23. Qd5 Bxa8 24. Rxd7 Nf6 25. Qxc6 Bxc6 26. Rd6 1-0

[Event "*** Titled Tuesday Blitz"]
[Site "Chess.com"]
[Date "2021.02.09"]
[Round "4"]
[White "miredenizdogan"]
[Black "gross-aleks"]
[Result "0-1"]
[WhiteElo "2259"]
[BlackElo "2568"]
[TimeControl "180+1"]
[EndTime "10:37:48 PST"]
[Termination "gross-aleks won by resignation"]

1. d4 Nf6 2. c4 e6 3. Nf3 Bb4+ 4. Bd2 Be7 5. Nc3 c5 6. d5 exd5 7. cxd5 d6 8. e4 O-O 9. Be2 a6 10. a4 Qc7 11. O-O Bg4 12. Bf4 Bxf3 13. Bxf3 c4 14.
Qd4 Nbd7 15. a5 Ne5 16. Be2 Rfc8 17. Na4 Nfd7 18. Bxe5 dxe5 19. Qc3 Bd8 20. Rfc1 Qxa5 21. Qxa5 Bxa5 22. Bxc4 b5 23. Nc5 Rxc5 24. Rxa5 Rxc4 25. Rxc4 bxc4 26. Kf1 Kf8 27. Ke2 Rb8 28. Ra2 Nc5 29. f3 Ke7 30. Kd2 Rb3 31. Kc2 Kd6 32. g3 g6 33. h4 f5 34. exf5 gxf5 35. f4 e4 36. Ra5 Kxd5 37. Kb1 Rxg3 38. h5 Kd4 39. h6 Nb3 40.
Ra3 Rg1+ 0-1

[Event "*** Titled Tuesday Blitz"]
[Site "Chess.com"]
[Date "2021.02.09"]
[Round "4"]
[White "Taran2004"]
[Black "kidagent"]
[Result "1-0"]
[WhiteElo "2456"]
[BlackElo "2267"]
[TimeControl "180+1"]
[EndTime "10:37:50 PST"]
[Termination "Taran2004 won by checkmate"]

1. Nf3 c5 2. g3 e6 3. Bg2 Nf6 4. O-O Nc6 5. c4 Be7 6. d4 cxd4 7. Nxd4 O-O 8. Nc3 a6 9. b3 d5 10. cxd5 exd5 11. Bb2 Be6 12. Rc1 Qd7 13. Na4 Rad8 14. Nc5 Bxc5 15. Rxc5 Bh3 16. Nxc6 Bxg2 17. Kxg2 bxc6 18.
Bxf6 gxf6 19. Qd4 Qe6 20. e3 Rc8 21. Rfc1 Rfd8 22. h4 Rd6 23. Rd1 Kg7 24. h5 h6 25. Qf4 Rcd8 26. Rd4 f5 27. Qh4 Qf6 28. Qxf6+ Kxf6 29. Ra4 Ra8 30. Kf3 Kg5 31. Rf4 Rf6 32. Rh4 Re8 33. Ke2 Re4 34. f4+ Rxf4 35. exf4# 1-0

[Event "*** Titled Tuesday Blitz"]
[Site "Chess.com"]
[Date "2021.02.09"]
[Round "4"]
[White "Kislov_Oleg"]
[Black "swisspower96"]
[Result "0-1"]
[WhiteElo "2478"]
[BlackElo "2672"]
[TimeControl "180+1"]
[EndTime "10:37:51 PST"]
[Termination "swisspower96 won by resignation"]

1. e4 c5 2. Nf3 Nc6 3. c3 Nf6 4. e5 Nd5 5. d4 cxd4 6. cxd4 d6 7. Bc4 Nb6 8. Bb5 dxe5 9. Nxe5 Bd7 10. Nxd7 Qxd7 11.
Nc3 e6 12. Be3 a6 13. Bxc6 Qxc6 14. O-O Be7 15. Rc1 O-O 16. Qg4 Rfd8 17. Rfd1 Qd7 18. Bh6 Bf8 19. Ne4 Nd5 20. Rd3 f5 21. Qh4 fxe4 22.
Rg3 Rac8 23. Qxe4 Kh8 24. Bd2 Nf6 25. Qe5 Rxc1+ 26. Bxc1 Qxd4 27. Qxd4 Rxd4 0-1

[Event "*** Titled Tuesday Blitz"]
[Site "Chess.com"]
[Date "2021.02.09"]
[Round "4"]
[White "WilliamSchill"]
[Black "grandcoach"]
[Result "1-0"]
[WhiteElo "1978"]
[BlackElo "2216"]
[TimeControl "180+1"]
[EndTime "10:37:52 PST"]
[Termination "WilliamSchill won on time"]

1. e4 c5 2. Nf3 Nc6 3. d4 cxd4 4. Nxd4 e5 5. Nb5 d6 6. c4 Be7 7.
Be2 f5 8. exf5 Bxf5 9. Bg4 Be4 10. N1c3 Bxg2 11. Rg1 a6 12. Na3 Nf6 13. Rxg2 Nxg4 14.
Qxg4 Bf6 15. Qe6+ Ne7 16. Nd5 Rf8 17. Nc2 Rc8 18. Nce3 b5 19. Nf5 bxc4 20. Nfxe7 Bxe7 21. Rxg7 1-0

[Event "*** Titled Tuesday Blitz"]
[Site "Chess.com"]
[Date "2021.02.09"]
[Round "4"]
[White "TigranMukhutdinov"]
[Black "Reader777"]
[Result "0-1"]
[WhiteElo "2605"]
[BlackElo "2809"]
[TimeControl "180+1"]
[EndTime "10:37:53 PST"]
[Termination "Reader777 won by resignation"]

1. Nf3 Nf6 2. g3 d5 3. Bg2 Bf5 4. c4 e6 5. O-O Be7 6. cxd5 exd5 7. d3 O-O 8. Nc3 c6 9. Qc2 Nbd7 10. e4 Bg6 11. Nh4 Bc5 12. Nxg6 hxg6 13. a3 Rc8 14. b4 Bd4 15. Bb2 dxe4 16. dxe4 c5 17. b5 Ng4 18. Nd1 Qb6 19. a4 c4 20. Bxd4 Qxd4 21. Qc3 Qxc3 22. Nxc3 Nc5 23. h3 Ne5 24. f4 Ned3 25. e5 Rfd8 26.
Rfd1 b6 27. Bd5 Nb3 28. Ra2 Nb4 29. Rb2 Nxd5 30. Rxd5 Rxd5 31. Nxd5 Rc5 32. Nc3 Rc7 33. Ne4 c3 0-1

[Event "*** Titled Tuesday Blitz"]
[Site "Chess.com"]
[Date "2021.02.09"]
[Round "4"]
[White "Abdimalik_Abdisalimov"]
[Black "Kretov_Evgenij"]
[Result "0-1"]
[WhiteElo "2291"]
[BlackElo "2499"]
[TimeControl "180+1"]
[EndTime "10:37:54 PST"]
[Termination "Kretov_Evgenij won by resignation"]

1. d4 Nf6 2. c4 c5 3. d5 e5 4. Nc3 d6 5. e4 Be7 6. f3 O-O 7. Be3 Ne8 8. Bd3 Bg5 9. Qd2 Bxe3 10.
Qxe3 Nd7 11. Nge2 g6 12. g4 Ng7 13. O-O-O a6 14. h4 f6 15. h5 g5 16. Kb1 Rb8 17.
Ng3 h6 18. Nf5 Nxf5 19. gxf5 Rf7 20. Rhg1 Rg7 21. Rd2 Qe8 22. Rh2 Nf8 23. Qe2 Bd7 24. Nd1 b5 25. Ne3 Kh7 26. Ng4 Rf7 27. Rc1 Qd8 28. Qd2 Be8 29. Ka1 Rfb7 30. Qc3 Kg7 31. b3 a5 32. cxb5 Bxb5 33. Bxb5 Rxb5 34. Qd3 Rb4 35.
Rc4 a4 36. Rxb4 Rxb4 37. bxa4 Qb6 38. Rh1 c4 39. Qc2 Qd4+ 0-1

[Event "*** Titled Tuesday Blitz"]
[Site "Chess.com"]
[Date "2021.02.09"]
[Round "4"]
[White "LogoCzar"]
[Black "TheCairnTerrier"]
[Result "1-0"]
[WhiteElo "2401"]
[BlackElo "2165"]
[TimeControl "180+1"]
[EndTime "10:37:56 PST"]
[Termination "LogoCzar won by checkmate"]

1. e4 c5 2. Nf3 e6 3. d4 cxd4 4.
Nxd4 Nf6 5. Nc3 d6 6. Be2 Be7 7. O-O O-O 8. f4 Nc6 9. Be3 Bd7 10. Qe1 Nxd4 11. Bxd4 Bc6 12. Qg3 g6 13. Bd3 Nh5 14. Qg4 Nxf4 15. Qxf4 e5 16. Qe3 Bg5 17. Qf2 exd4 18.
Qxd4 Qb6 19. Qxb6 axb6 20. Rf3 f5 21. Rg3 Bf6 22. exf5 Bd4+ 23. Kh1 Bxc3 24. bxc3 Kg7 25. fxg6 h6 26. h4 Rf2 27. Re1 Rxa2 28. Re7+ Kg8 29. g7 Ra1+ 30. Kh2 Rd2 31. Bh7+ Kxh7 32. g8=B+ Kh8 33.
Rh7# 1-0

[Event "*** Titled Tuesday Blitz"]
[Site "Chess.com"]
[Date "2021.02.09"]
[Round "4"]
[White "ChampStan"]
[Black "Trickster_Pony"]
[Result "1-0"]
[WhiteElo "2220"]
[BlackElo "1490"]
[TimeControl "180+1"]
[EndTime "10:37:57 PST"]
[Termination "ChampStan won by resignation"]

1. d4 d5 2. c4 Nc6 3. cxd5 Qxd5 4. e3 e5 5. Nc3 Bb4 6. Bd2 Bxc3 7. Bxc3 exd4 8. Ne2 Bg4 9. f3 Be6 10. Nxd4 O-O-O 11. Qa4 Nf6 12. Nxc6 Qxc6 13. Qxc6 bxc6 14. e4 Kb7 15.
Be2 Rhe8 16. Kf2 c5 17. b3 Rd6 18. e5 Rd5 19. exf6 gxf6 20. Rad1 Rf5 21. Bd3 Rg5 22. Bxf6 Rh5 23. Be4+ Kb6 24. h3 Bf5 25. g4 Bxe4 26. gxh5 1-0